 Dungeon Crawl Stone Soup version 0.30-a0-219-gf2db51d15e (webtiles) character file.

Game seed: 10586774604342777360

59 porpoise the Trooper (level 3, -1/30 HPs)
             Began as a Demonspawn Brigand on Oct 8, 2022.
             Slain by an orc
             ... wielding a +0 dagger
              (3 damage)
             ... on level 2 of the Dungeon.
             The game lasted 00:04:11 (1406 turns).

porpoise the Trooper (Demonspawn Brigand)           Turns: 1406, Time: 00:04:11

Health: -1/30      AC: 13    Str: 13    XL:     3   Next: 78%
Magic:  3/3        EV: 10    Int: 12    God:
Gold:   53         SH:  0    Dex: 14    Spells: 2/2 levels left

rFire   . . .      SeeInvis .    a - +0 spear
rCold   . . .      Faith    .    (no shield)
rNeg    . . .      Spirit   .    h - +0 ring mail
rPois   .          Reflect  .    (no helmet)
rElec   .          Harm     .    c - +0 cloak
rCorr   .          Rampage  .    (no gloves)
Will    .....                    k - +0 pair of boots
Stlth   ++........               (no amulet)
HPRegen 0.25/turn                (no ring)
MPRegen 0.08/turn                (no ring)

@: sanguine armoured
A: sanguine armour 1, demonic magic 1
a: no special abilities


You were on level 2 of the Dungeon.
You visited 1 branch of the dungeon, and saw 2 of its levels.

You collected 53 gold pieces.

Inventory:

Hand Weapons
 a - a +0 spear (weapon)
 m - a +2 dagger
Missiles
 d - 4 poisoned darts (quivered)
 e - 3 curare-tipped darts
Armour
 c - a +0 cloak (worn)
 h - a +0 ring mail (worn)
 k - a +0 pair of boots (worn)
Scrolls
 b - a scroll of butterflies {unknown}
 f - a scroll of amnesia {unknown}
 g - 2 scrolls of fear {unknown}
 i - a scroll of blinking {unknown}
 j - 2 scrolls of identify {unknown}
 l - a scroll of brand weapon {unknown}


   Skills:
 + Level 4.2 Fighting
 - Level 1.7 Short Blades
 - Level 1.7 Throwing
 - Level 0.8 Dodging
 - Level 3.6 Stealth


You had 2 spell levels left.
You didn't know any spells.
Your spell library contained the following spells:

 Spells                   Type           Power      Damage    Failure   Level
 Freeze                   Ice            0%         1d3       58%         1
 Frozen Ramparts          Ice            0%         1d1       91%         3
 Hailstorm                Conj/Ice       0%         3d3       91%         3


Dungeon Overview and Level Annotations

Branches:
Dungeon (2/15)

Altars:


Innate Abilities, Weirdness & Mutations

When seriously injured, your blood forms armour. (AC +6)
Spells you cast may paralyse adjacent enemies.


Message History

The orc barely misses you.
You hit the orc.
The orc is heavily wounded.
The orc closely misses you.
You hit the orc but do no damage.
The orc is heavily wounded.
The orc hits you but does no damage.
You hit the orc but do no damage.
The orc is heavily wounded.
The orc hits you but does no damage.
You closely miss the orc.
The orc is heavily wounded.
The orc barely misses you.
You hit the orc.
You kill the orc!
You hit the orc.
The orc is moderately wounded.
The orc closely misses you.
You hit the orc but do no damage.
The orc is moderately wounded.
The orc hits you with a +0 hand axe.
* * * LOW HITPOINT WARNING * * *
You hit the orc.
You kill the orc!
You hit the orc.
The orc is moderately wounded.
The orc hits you with a +0 dagger.
* * * LOW HITPOINT WARNING * * *
The orc hits you with a +0 dagger.
* * * LOW HITPOINT WARNING * * *
You barely miss the orc.
The orc is moderately wounded.
The orc barely misses you.
You hit the orc. You punch the orc, but do no damage.
The orc is moderately wounded.
The orc hits you but does no damage.
You hit the orc but do no damage.
The orc is moderately wounded.
The orc hits you with a +0 dagger.
You die...

#.........#####.##.#
##<.>...........##.#
#.###############.#
#.# ####.# #.#
#....# #.# #.####
#.# #.# #.. #.# ##+
#@# #o# #.# #.# #.#
#.# #.# #.#


You could see an orc.

Vanquished Creatures
  3 gnolls
  3 orcs (D:2)
  A bat (D:1)
  3 endoplasms (D:2)
  3 giant cockroaches
  2 goblins (D:1)
  A hobgoblin (D:2)
  A quokka (D:2)
  3 ball pythons
  2 kobolds (D:1)
  2 rats (D:1)
24 creatures vanquished.

Vanquished Creatures (others)
  A plant (D:1)
1 creature vanquished.

Grand Total: 25 creatures vanquished

Notes
Turn   | Place    | Note
-------+----------+-------------------------------------------
     0 | D:1      | porpoise the Demonspawn Brigand began the quest for the
                  | Orb.
     0 | D:1      | Reached XP level 1. HP: 16/16 MP: 1/1
   356 | D:1      | Gained mutation: Spells you cast may paralyse adjacent
                  | enemies. [demonic ancestry]
   356 | D:1      | Reached XP level 2. HP: 23/23 MP: 2/2
   422 | D:1      | Found a faded altar of an unknown god.
   993 | D:2      | Reached skill level 3 in Fighting
  1111 | D:2      | Gained mutation: When seriously injured, your blood forms
                  | armour. (AC +6) [demonic ancestry]
  1111 | D:2      | Reached XP level 3. HP: 23/29 MP: 3/3
  1283 | D:1      | Reached skill level 4 in Fighting
  1403 | D:2      | HP: 1/30 [orc/+0 dagger (2)]
  1406 | D:2      | Slain by an orc

Illustrated notes

Levels and vault maps discovered:
D:1:      lemuel_arrival_muddy, layout_basic, serial_forest,
          infiniplex_forest_end_2, infiniplex_forest_lined_1,
          infiniplex_forest_clump_long, infiniplex_forest_corner_1,
          infiniplex_forest_clump_long, infiniplex_forest_end_double,
          infiniplex_forest_lined_2, infiniplex_forest_clump_medium,
          basic_ecumenical_altar
D:2:      layout_loops_ring, minmay_liquid_box

Skill      XL: |  1  2  3 |
---------------+----------+-----
Fighting       | 3 4 |  4.2
Short Blades   | |  1.7
Throwing       | |  1.7
Dodging        | |  0.8
Stealth        | |  3.6

Action                   || total
-------------------------++-------
Melee: Dagger            ||    96
       Spear             ||    36
       Punch             ||     2
Throw: Dart              ||     5
 Stab: Sleeping          ||     2
Armor: Plate armour      ||     6
       Robe              ||     4
       Ring mail         ||    31
Dodge: Dodged            ||    62

Table legend: (Time is in decaauts)
 A = Elapsed time spent in this place.
 B = Non-inter-level travel time spent in this place.
 C = Inter-level travel time spent in this place.
 D = Time resting spent in this place.
 E = Time spent auto-exploring this place.
 F = Levels seen in this place.
 G = Mean time per level.
                   A        B        C        D        E       F      G
               +--------+--------+--------+--------+--------+-----+--------+
         Total |   1404 |   1312 |     92 |    251 |    675 |   2 |  702.0 |
       Dungeon |   1404 |   1312 |     92 |    251 |    675 |   2 |  702.0 |
               +--------+--------+--------+--------+--------+-----+--------+

Top non-repeatable levels by time:
     D:1: 1134 daAuts
     D:2: 270 daAuts
